 Dungeon Crawl Stone Soup version bcrawl-1.36.5b (webtiles) character file.

Game seed: 11857634605403228445

114967 CuBeRJAN3 the Conjurer (level 4, 0/24 HPs)
             Began as an Avariel Conjurer on Aug 31, 2022.
             Slain by a leopard gecko (2 damage)
             ... on level 2 of the Dungeon.
             The game lasted 00:07:25 (2047 turns).

CuBeRJAN3 the Conjurer (Avariel Conjurer)           Turns: 2047, Time: 00:07:26

Health: 0/24       AC:  2    Str:  6    XL:     4   Next: 32%
Magic:  9/11       EV: 13    Int: 22    God:
Gold:   173        SH:  0    Dex: 16    Spells: 7/10 levels left

rFire    x . .     GDR:     28% a - +0 short sword
rCold    + . .     SeeInvis +   (no shield)
rNeg     . . .     Gourm    .   d - +0 robe
rPois    .         Faith    .   (no helmet)
rElec    .         Spirit   .   (no cloak)
rCorr    .         Reflect  .   (no gloves)
MR       .....                  (no boots)
Stlth    ++........             (no amulet)
HPRegen  0.08/turn              f - ring "Veneisch" {Ice Dex+3}
MPRegen  0.12/turn              g - ring of Econed {+Fly SInv}

@: no status effects
A: no striking features
a: Evoke Flight


You were on level 2 of the Dungeon.
You were not hungry.

You visited 1 branch of the dungeon, and saw 2 of its levels.

You collected 173 gold pieces.

Inventory:

Hand Weapons
 a - a +0 short sword (weapon)
Armour
 d - a +0 robe (worn)
 k - a scarf of spirit shield
Jewellery
 f - the ring "Veneisch" (left hand) {Ice Dex+3}
   (You found it on level 1 of the Dungeon)

   [ring of ice]

   It enhances your ice magic.
   It affects your dexterity (+3).
   It makes you vulnerable to fire.
   It protects you from cold.
 g - the ring of Econed (right hand) {+Fly SInv}
   (You found it on level 1 of the Dungeon)

   [ring of flight]

   It lets you see invisible.
   It lets you fly.
 q - an uncursed ring of see invisible {unknown}
Scrolls
 i - 2 scrolls of identify
 l - 2 scrolls of remove curse
 m - 2 scrolls of enchant weapon {unknown}
 o - a scroll of immolation {unknown}
Potions
 b - a potion of degeneration {unknown}
 c - a potion of magic
 h - a potion of brilliance {unknown}
 j - a potion of might {unknown}
 p - a potion of curing {unknown}
Comestibles
 e - 4 rations {!d}
 n - 2 chunks of flesh


   Skills:
 + Level 3.0 Dodging
 + Level 3.1 Stealth
 + Level 3.5 Spellcasting
 + Level 5.9 Conjurations


You had 7 spell levels left.
You knew the following spells:

 Your Spells              Type           Power        Failure   Level  Hunger
a - Magic Dart            Conj           ####         1%          1    None
b - Searing Ray           Conj           ####....     1%          2    None

Your spell library contained the following spells:

 Spells                   Type           Power        Failure   Level  Hunger
 Iskenderun's Mystic Bla  Conj           ####....     3%          3    ####...
 Fulminant Prism          Conj/Hex       ###.......   34%         4    #####..
 Irradiate                Conj/Tmut      ###.......   67%         5    ######.


Dungeon Overview and Level Annotations

Branches:
Dungeon (2/12)

Altars:

Annotations:
D:2 1 runed door


Message History

The leopard gecko bites you. The worm bites you.
The leopard gecko barely misses you.
You see here a quokka skeleton.
The leopard gecko bites you.
* * * LOW HITPOINT WARNING * * *
The leopard gecko bites you.
* * * LOW HITPOINT WARNING * * *
The leopard gecko barely misses you. The leopard gecko bites you.
* * * LOW HITPOINT WARNING * * *
Casting: Searing Ray (safe; 1% risk of failure)
Confirm with . or Enter, or press ? or * to list all spells.
Aiming: Searing Ray (safe; 1% risk of failure)
Press: ? - help, Shift-Dir - straight line, f - leopard gecko
Aim: a leopard gecko (clinging)
The searing ray misses the leopard gecko. (Press . to maintain the ray.)
The leopard gecko barely misses you. The leopard gecko bites you.
You die...

....#######.# ##...## #.#
#.....#####.###
......w..##...##
.......#w##....########
......................#
#.....#..##....######.#
##...##........l...##.#########
#...........#.##@....(......(.#
........♣.............#######.#
...>...♣_♣.......#.#### #.#
#.##.#..♣..##.####.# #.# #.
#.#......#.# #.# #.# #.
#÷###.[....# #.# #.#
#.##.##.......# #.# #.#
#.............# #.# #.#
#..#.##.......####.##########>#


You could see a leopard gecko.

Vanquished Creatures
  2 adders (D:2)
  3 worms (D:2)
  A dart slug (D:1)
  3 leopard geckos (D:1)
  An orc (D:2)
  2 giant cockroaches
  5 hobgoblins
  9 jackals
  2 quokkas
  3 ball pythons
  3 bats
  3 frilled lizards
  3 kobolds
40 creatures vanquished.

Notes
Turn   | Place    | Note
-------+----------+-------------------------------------------
     0 | D:1      | CuBeRJAN3 the Avariel Conjurer began the quest for the Orb.
     0 | D:1      | Reached XP level 1. HP: 10/10 MP: 6/6
    54 | D:1      | Got a fine golden ring
    68 | D:1      | Got a wavering platinum ring
   274 | D:1      | Reached XP level 2. HP: 15/15 MP: 2/7
   300 | D:1      | Learned a level 2 spell: Searing Ray
   482 | D:1      | Identified the ring "Veneisch" {Ice Dex+3} (You found it on
                  | level 1 of the Dungeon)
   484 | D:1      | Identified the ring of Econed {+Fly SInv} (You found it on
                  | level 1 of the Dungeon)
  1075 | D:2      | Found a runed door.
  1121 | D:2      | Reached XP level 3. HP: 19/19 MP: 2/9
  1794 | D:2      | Found a faded altar of an unknown god.
  1806 | D:2      | Reached XP level 4. HP: 24/24 MP: 6/11
  2047 | D:2      | Slain by a leopard gecko

Skill      XL: |  1  2  3  4 |
---------------+-------------+-----
Spellcasting   | 3 |  3.5
Stealth        | 3 |  3.1
Dodging        | 3 |  3.0
Conjurations   | |  5.9

Action                   |  1- 3 |  4- 6 || total
-------------------------+-------+-------++-------
Melee: Short sword       |       |     1 ||     1
 Cast: Magic Dart        |    47 |     7 ||    54
       Searing Ray       |    14 |     3 ||    17
  Use: Scroll            |     4 |       ||     4
  Eat: Chunk             |     4 |     1 ||     5
Dodge: Dodged            |     4 |     5 ||     9
